 Dungeon Crawl Stone Soup version 0.24.0-123-gd5b16e6ec5 (webtiles) character file.

Game seed: 8107044060753445824, levelgen mode: deterministic

168476 mopl the Covert (level 16, -3/124 HPs)
             Began as a Demigod Enchanter on Jan 13, 2020.
             Shot with a sling bullet by a faun (15 damage)
             ... on level 4 of the Shoals on Jan 14, 2020.
             The game lasted 02:01:57 (31766 turns).

mopl the Covert (Demigod Enchanter)                Turns: 31766, Time: 02:01:57

Health: -3/124     AC: 18    Str: 13    XL:     16   Next: 78%
Magic:  29/32      EV: 15    Int: 29    God:
Gold:   2825       SH: 16    Dex: 21    Spells: 6/30 levels left

rFire    + . .     SeeInvis +   a - +2 dagger (drain)
rCold    + . .     Gourm    .   S - +4 shield "Lisacuuk" {Slay+5}
rNeg     . . .     Faith    .   L - +2 robe {rC+ rF+}
rPois    .         Spirit   .   K - +3 crown of Dyrovepreva {rElec Int+2 SInv}
rElec    +         Reflect  .   q - +2 cloak {MR+}
rCorr    .         Harm     .   A - +0 pair of gloves "Niusmaph" {Dex+3}
MR       ++...                  d - +1 pair of boots
Stlth    +++.......             P - amulet of magic regeneration
HPRegen  1.30/turn              D - +5 ring of protection
MPRegen  0.48/turn              m - ring of Hard Scrabble {EV+3 Int+2}

@: about to teleport, marked, regenerating, slowed, very slow
A: high mp 1
a: no special abilities


You were on level 4 of the Shoals.
You were hungry.

You visited 4 branches of the dungeon, and saw 27 of its levels.
You also visited: Bailey and Gauntlet.

You collected 3020 gold pieces.
You spent 195 gold pieces at shops.

Inventory:

Hand Weapons
 a - a +2 dagger of draining (weapon)
 b - a +5 rapier of venom
 l - a +2 dagger of holy wrath
 F - a +2 dagger of electrocution
Missiles
 g - 55 poisoned darts
 s - 203 boomerangs
 U - 8 throwing nets
 V - 59 javelins (quivered)
 Z - 16 silver javelins
Armour
 d - a +1 pair of boots (worn)
 q - a +2 cloak of magic resistance (worn)
 A - the +0 pair of gloves "Niusmaph" (worn) {Dex+3}
   (You found it in a Gauntlet)

   It affects your dexterity (+3).
 K - the +3 crown of Dyrovepreva (worn) {rElec Int+2 SInv}
   (You found it on level 6 of the Dungeon)

   It affects your intelligence (+2).
   It insulates you from electricity.
   It lets you see invisible.
 L - a +2 robe of resistance (worn)
 S - the +4 shield "Lisacuuk" (worn) {Slay+5}
   (You acquired it in a bailey)

   It affects your accuracy and damage with ranged weapons and melee attacks
   (+5).
Jewellery
 m - the ring of Hard Scrabble (right hand) {EV+3 Int+2}
   (You found it in a Gauntlet)

   [ring of evasion]

   It affects your evasion (+3).
   It affects your intelligence (+2).
 w - an uncursed amulet of rage
 y - an uncursed ring of poison resistance
 D - a +5 ring of protection (left hand)
 P - an amulet of magic regeneration (around neck)
 R - an uncursed ring of positive energy
 Y - an uncursed ring of resist corrosion
Wands
 f - a wand of acid (8)
 z - a wand of iceblast (9)
 N - a wand of digging (3)
 T - a wand of disintegration (19)
 W - a wand of scattershot (7)
Scrolls
 i - 9 scrolls of teleportation
 j - 12 scrolls of remove curse
 k - a scroll of enchant armour
 r - 3 scrolls of immolation
 t - 4 scrolls of magic mapping
 v - a scroll of enchant weapon
 B - 3 scrolls of identify
 E - a scroll of summoning
 O - 5 scrolls of fog
Potions
 e - 4 potions of haste
 h - 2 potions of brilliance
 o - 6 potions of magic
 C - 14 potions of curing
 G - 2 potions of mutation
 H - 3 potions of agility
 I - 2 potions of ambrosia
 Q - 5 potions of might
 X - a potion of resistance
Miscellaneous
 x - a fan of gales
 J - a sack of spiders
 M - a lamp of fire
Comestibles
 c - 53 rations
 n - 5 chunks of flesh


   Skills:
 + Level 6.7 Fighting
 + Level 9.9 Short Blades
 + Level 6.8 Throwing
 - Level 1.7 Dodging
 * Level 14.8 Stealth
 + Level 10.8 Shields
 + Level 7.9 Spellcasting
 - Level 3.0 Conjurations
 * Level 13.7 Hexes
 - Level 3.0 Charms
 + Level 5.6 Necromancy
 - Level 3.0 Translocations
 - Level 4.1 Ice Magic
 + Level 5.6 Earth Magic
 - Level 5.0 Evocations


You had 6 spell levels left.
You knew the following spells:

 Your Spells              Type           Power        Failure   Level  Hunger
a - Corona                Hex            ######.      1%          1    None
b - Ensorcelled Hibernat  Hex/Ice        ######       1%          2    None
c - Confuse               Hex            ######..     1%          3    None
d - Tukima's Dance        Hex            ######..     1%          3    None
e - Blink                 Tloc           N/A          3%          2    None
g - Dazzling Spray        Conj/Hex       ######       1%          3    None
r - Regeneration          Chrm/Necr      #####.....   4%          3    None
v - Borgnjor's Vile Clut  Necr/Erth      #####.....   22%         5    ####...
C - Corpse Rot            Necr           N/A          1%          2    None

Your spell library contained the following spells:

 Spells                   Type           Power        Failure   Level  Hunger
 Animate Skeleton         Necr           N/A          1%          1    None
 Pain                     Necr           ####         1%          1    None
 Slow                     Hex            ######..     1%          2    None
 Sublimation of Blood     Necr           #####.....   1%          2    None
 Inner Flame              Hex/Fire       ######..     1%          3    None
 Spectral Weapon          Hex/Chrm       ######..     1%          3    None
 Leda's Liquefaction      Hex/Erth       ######....   1%          4    ##.....
 Infusion                 Chrm           ####         2%          1    None
 Magic Dart               Conj           ####         2%          1    None
 Vampiric Draining        Necr           #####.....   2%          3    None
 Shroud of Golubria       Chrm/Tloc      ####..       3%          2    None
 Song of Slaying          Chrm           ####....     3%          2    None
 Flame Tongue             Conj/Fire      ###..        4%          1    None
 Stone Arrow              Conj/Erth      #####.       4%          3    None
 Throw Flame              Conj/Fire      ###...       6%          2    None
 Animate Dead             Necr           N/A          8%          4    ##.....
 Call Imp                 Summ           ##......     12%         2    None
 Conjure Flame            Conj/Fire      ###.....     13%         3    None
 Recall                   Summ/Tloc      N/A          13%         3    None
 Mephitic Cloud           Conj/Pois/Air  ###.....     16%         3    None
 Agony                    Necr           #####...     22%         5    ####...
 Dispel Undead            Necr           #####...     22%         5    ####...
 Bolt of Draining         Conj/Necr      #####.....   36%         5    ####...
 Excruciating Wounds      Chrm/Necr      #####.....   36%         5    ####...
 Sticky Flame             Conj/Fire      ###.....     38%         4    ##.....
 Fireball                 Conj/Fire      ###.......   75%         5    ####...
 Summon Forest            Summ/Tloc      ###.......   75%         5    ####...
 Death Channel            Necr           #####.....   75%         6    ######.
 Simulacrum               Ice/Necr       #####.....   85%         6    ######.
 Hydra Form               Tmut           ##........   100%        6    ######.
 Summon Hydra             Summ           ##........   100%        7    #######


Dungeon Overview and Level Annotations

Branches:
Dungeon (15/15)            Temple (0/1) D:5            Lair (6/6) D:8
 Shoals (4/4) Lair:3       Spider (0/4) Lair:4        Slime (0/5) Lair:6
    Orc (2/2) D:12            Elf (0/3) Orc:2        Vaults (0/5) D:13
 Depths (0/5) D:15         Bailey (visited)         Gauntlet (visited)

Shops:
D:7 =   D:9 =   D:14 [   D:15 *   Orc:2 [}}:%

Annotations:
D:9 dog
Shoals:2 Roxanne
Orc:2 Saint Roka


Innate Abilities, Weirdness & Mutations

You have an increased reservoir of magic. (+10% MP)


Message History

A hippogriff comes into view.
The cyclops throws a large rock.
You block the large rock.
You hear a splash.
The snapping turtle bites you from afar!!
* * * LOW HITPOINT WARNING * * *
The faun gestures at you while chanting.
You feel yourself slow down.
A snapping turtle comes into view.
You feel better. The merfolk closely misses you.
The faun shoots a stone.
You block the stone.
You hear a splash.
The merfolk closely misses you.
The faun shoots a stone.
The stone completely misses you.
You hear a splash.
A faun comes into view. It is wielding a +0 quarterstaff.
You block the snapping turtle's attack.
The merfolk hits you from afar with a +0 trident!
* * * LOW HITPOINT WARNING * * *
The faun shoots a sling bullet.
The sling bullet hits you!
You die...

≈≈.........≈≈≈≈
c.........C≈≈≈≈
...≈≈X≈≈.c..........mc≈≈
....≈≈≈≈≈H........cmc≈≈≈
.!.....≈≈≈c....≈m...m≈≈≈
....##.≈≈≈≈≈≈.≈≈≈≈≈≈≈≈≈≈
......:≈≈≈≈≈≈≈m≈≈≈≈≈≈≈≈≈
.....§m.≈≈≈≈≈≈t≈@≈≈≈≈≈≈≈
.....§E§.≈≈≈≈Hm≈≈≈≈≈≈≈≈≈
.§§..§§§.≈≈≈≈≈t≈≈≈≈≈≈≈≈≈
S.<.k§.§≈≈≈S≈≈≈≈≈≈≈≈≈≈≈≈
≈.mmS...≈H≈mm≈m≈≈≈≈≈≈≈≈≈
≈S.....≈≈)≈t≈≈≈≈≈≈≈≈≈≈≈≈
mE≈)..≈≈≈≈≈≈≈≈≈≈≈≈H≈≈≈≈≈
HH(P≈.≈≈≈≈≈≈≈≈≈≈≈≈≈≈≈≈≈≈
≈≈)PP..P≈≈≈≈≈≈≈≈


You could see a merfolk impaler, a merfolk javelineer, a sea snake, 3 snapping
turtles, 7 merfolk, 6 fauns, a cyclops, a hippogriff and 3 harpies.

Vanquished Creatures
  Mara (Shoals:3)
  Frances (Shoals:2)
  Polyphemus (Shoals:3)
  Kirke (Lair:5)
  Ilsuiw (Shoals:3)
  A very ugly thing (D:13)
  A stone giant (Orc:1)
  Nessos (Lair:5)
  A minotaur (Gauntlet)
  Josephine (D:10)
  6 merfolk impalers
  5 merfolk javelineers
  A vault guard (D:13)
  An ogre mage (D:15)
  Fannar (D:12)
  7 hydras
  3 merfolk aquamancers
  8 two-headed ogres
  4 catoblepae
  6 centaur warriors
  22 death yaks
  3 satyrs (Shoals:3)
  An orc high priest (D:12)
  Urug (Lair:3)
  Nergalle (Lair:3)
  10 sea snakes
  6 unseen horrors
  5 orc knights
  A wolf spider (D:14)
  11 harpies
  Pikel (D:4)
  An orc sorcerer (Orc:1)
  4 deep elf magi
  7 cyclopes
  10 elephants
  9 fauns
  3 ugly things
  A manticore (shapeshifter) (D:15)
  A moth of wrath (Gauntlet)
  13 manticores
  3 centaur zombies (D:11)
  2 black mambas
  8 merfolk sirens
  2 water nymphs
  A gargoyle (D:12)
  11 spiny frogs
  A spiny frog (shapeshifter) (D:15)
  4 kobold demonologists
  A rime drake (Lair:2)
  7 komodo dragons
  A yaktaur (shapeshifter) (D:13)
  An efreet (D:15)
  A yaktaur (Shoals:3)
  11 trolls
  3 jumping spiders (Lair:4)
  26 merfolk
  2 wind drakes
  Grinder (D:5)
  A hornet (D:11)
  12 dream sheep
  7 hippogriffs
  6 slime creatures (D:15)
  9 snapping turtles
  20 blink frogs
  A redback (shapeshifter) (D:15)
  A centaur simulacrum (D:14)
  Sigmund (D:4)
  13 flying skulls (Gauntlet)
  3 shadows
  3 redbacks (Lair:4)
  A spriggan (D:7)
  A vampire (D:14)
  12 water elementals
  9 wraiths
  6 wyverns
  72 yaks
  3 hogs (Lair:5)
  2 basilisks (Lair:4)
  A basilisk (shapeshifter) (D:15)
  Eustachio (D:6)
  3 hungry ghosts
  A human (D:6)
  5 vampire mosquitoes
  7 swamp worms
  A soldier ant (D:15)
  3 acid dragons
  2 nagas (D:15)
  4 water moccasins
  5 wargs
  Edmund (D:4)
  6 porcupines
  2 ice beasts
  4 sky beasts
  3 slaves (D:4)
  35 orc warriors
  A phantom (D:4)
  A hornet zombie (D:15)
  9 ogres
  2 necrophages (D:11)
  3 black bears
  3 boggarts (D:15)
  An eye of draining (D:13)
  25 wolves
  23 centaurs
  22 crocodiles
  14 bullfrogs
  3 big kobolds
  9 scorpions
  6 killer bees
  4 wights (D:12)
  2 electric eels (Lair:4)
  5 howler monkeys
  5 crimson imps
  A bullfrog zombie (D:7)
  3 quasits
  10 hounds
  4 jellies
  10 orc priests
  26 orc wizards
  3 bullfrog skeletons
  A gnoll shaman (D:7)
  Crazy Yiuf (D:4)
  5 centaur skeletons
  Ijyb (D:4)
  Terence (D:3)
  14 iguanas
  11 worker ants
  4 hound zombies
  26 gnolls
  8 adders
  A howler monkey skeleton (D:2)
  2 shadow imps
  An adder zombie (D:8)
  An adder skeleton (D:6)
  A worm (D:2)
  2 dart slugs
  7 leopard geckos
  83 orcs
  2 ball pythons
  7 giant cockroaches
  15 goblins
  15 hobgoblins
  10 jackals (D:2)
  27 kobolds
  5 quokkas
  10 bats
  10 frilled lizards
  A jackal skeleton (D:6)
  9 rats
  3 fungi (D:5)
995 creatures vanquished.

Vanquished Creatures (collateral kills)
  A tengu warrior (D:13)
  An orc knight (Orc:2)
  5 orc warriors
  Blork the orc (D:5)
  A scorpion (D:9)
  An orc wizard (Orc:2)
  3 gnolls
  6 orcs
  A kobold (Bailey)
20 creatures vanquished.

Vanquished Creatures (others)
  A faun (Shoals:3)
  A wyvern (D:14)
  A dancing weapon (D:4)
  A bush (Shoals:3)
  11 fungi
  24 plants
39 creatures vanquished.

Grand Total: 1054 creatures vanquished

Notes
Turn   | Place    | Note
-------+----------+-------------------------------------------
     0 | D:1      | mopl the Demigod Enchanter began the quest for the Orb.
     0 | D:1      | Reached XP level 1. HP: 14/14 MP: 5/5
   127 | D:1      | Reached XP level 2. HP: 20/20 MP: 7/7
   135 | D:1      | Learned a level 2 spell: Ensorcelled Hibernation
   174 | D:1      | Reached skill level 3 in Stealth
   784 | D:2      | Reached XP level 3. HP: 16/26 MP: 8/8
   789 | D:2      | Learned a level 3 spell: Confuse
  1118 | D:2      | Reached skill level 1 in Ice Magic
  1293 | D:2      | Found a sparkling altar of Nemelex Xobeh.
  2076 | D:2      | Found a snail-covered altar of Cheibriados.
  2079 | D:2      | Found a radiant altar of Vehumet.
  2079 | D:2      | Found a glowing golden altar of the Shining One.
  2079 | D:2      | Found an ornate altar of the Wu Jian Council.
  2101 | D:2      | Reached XP level 4. HP: 20/33 MP: 10/10
  2224 | D:2      | Found a burning altar of Makhleb.
  2224 | D:2      | Noticed an Executioner
  2227 | D:2      | Noticed a ynoxinul
  2227 | D:2      | Noticed a neqoxec
  2362 | D:3      | Noticed Terence
  2542 | D:3      | Noticed an ogre
  2552 | D:3      | Killed an ogre
  2552 | D:3      | Reached XP level 5. HP: 38/38 MP: 9/12
  2561 | D:3      | Learned a level 3 spell: Tukima's Dance
  2636 | D:3      | Noticed a black bear
  2652 | D:3      | Killed a black bear
  2652 | D:3      | Reached skill level 1 in Evocations
  2670 | D:3      | Killed Terence
  2670 | D:3      | Reached skill level 4 in Stealth
  2998 | D:3      | Reached XP level 6. HP: 45/45 MP: 11/13
  3602 | D:4      | Noticed Ijyb
  3620 | D:4      | Killed Ijyb
  3679 | D:4      | Found a runed translucent door.
  3680 | D:4      | Noticed Crazy Yiuf
  3690 | D:4      | Killed Crazy Yiuf
  4183 | D:4      | Noticed Sigmund
  4198 | D:4      | Killed Sigmund
  4198 | D:4      | Reached XP level 7. HP: 37/50 MP: 7/15
  4580 | D:4      | Reached skill level 1 in Shields
  4699 | D:4      | Noticed Edmund
  4722 | D:4      | Killed Edmund
  4945 | D:4      | Noticed Pikel
  4965 | D:4      | Killed Pikel
  4965 | D:4      | Reached skill level 5 in Stealth
  4965 | D:4      | Reached skill level 5 in Hexes
  4965 | D:4      | Reached XP level 8. HP: 26/57 MP: 13/17
  5080 | D:4      | Learned a level 3 spell: Dazzling Spray
  5128 | D:5      | Entered Level 5 of the Dungeon
  5206 | D:5      | Found a staircase to the Ecumenical Temple.
  5236 | D:5      | Found a blossoming altar of Fedhas.
  5252 | D:5      | Noticed Blork the orc
  5278 | D:5      | Killed Blork the orc
  5327 | D:5      | Noticed Grinder
  5337 | D:5      | Killed Grinder
  5337 | D:5      | Reached skill level 1 in Conjurations
  5948 | D:6      | Noticed Eustachio
  5958 | D:6      | Killed Eustachio
  5973 | D:6      | Found the +3 crown of Dyrovepreva {rElec Int+2 SInv}
  6008 | D:6      | Noticed a +0 hand axe
  6008 | D:6      | Noticed a +0 hand axe
  6016 | D:6      | Found a hide-covered altar of Uskayaw.
  6084 | D:6      | Reached XP level 9. HP: 42/62 MP: 19/19
  6279 | D:6      | Reached skill level 6 in Stealth
  6348 | D:6      | Found a runed translucent door.
  6351 | D:6      | Found a basalt altar of Yredelemnul.
  7271 | D:7      | Found Sebeo's Jewellery Boutique.
  7323 | D:6      | Learned a level 3 spell: Regeneration
  7742 | D:8      | Reached skill level 5 in Spellcasting
  7832 | D:8      | Reached skill level 1 in Charms
  7880 | D:8      | Reached skill level 1 in Necromancy
  8648 | D:8      | Found a staircase to the Lair.
  8813 | D:9      | Reached skill level 5 in Evocations
  9313 | D:9      | Found a stormy altar of Qazlal.
  9319 | D:9      | Found an opulent altar of Gozag.
  9319 | D:9      | Found a bloodstained altar of Trog.
  9320 | D:9      | Found a shimmering altar of Xom.
  9414 | D:9      | Reached skill level 1 in Short Blades
  9518 | D:9      | Found a glowing silver altar of Zin.
  9561 | D:9      | Found Solaci's Jewellery Shop.
  9640 | D:9      | Reached skill level 7 in Stealth
  9671 | D:10     | Entered Level 10 of the Dungeon
  9729 | D:10     | Noticed a kobold demonologist
  9745 | D:10     | Reached XP level 10. HP: 17/69 MP: 19/21
  9989 | D:10     | Found a burning altar of Makhleb.
 10002 | D:10     | Reached skill level 5 in Shields
 10492 | D:10     | Noticed Josephine
 10539 | D:10     | Killed Josephine
 10539 | D:10     | Reached skill level 8 in Stealth
 11026 | D:10     | Noticed an unseen horror
 11035 | D:10     | Killed an unseen horror
 11230 | D:11     | Reached XP level 11. HP: 74/74 MP: 22/22
 11242 | D:11     | Noticed a two-headed ogre
 11245 | D:11     | Noticed an unseen horror
 11249 | D:11     | Killed a two-headed ogre
 11252 | D:11     | Killed an unseen horror
 11379 | D:11     | Reached skill level 5 in Short Blades
 11388 | D:11     | Noticed an eight-headed hydra
 11388 | D:11     | Noticed a two-headed ogre
 11802 | D:11     | Noticed an unseen horror
 11809 | D:11     | Killed an unseen horror
 11809 | D:11     | Reached skill level 9 in Stealth
 11837 | D:11     | Killed a two-headed ogre
 11958 | D:11     | Paralysed by a hornet for 1 turns
 12723 | D:12     | HP: 3/74 [eight-headed hydra (5)]
 12739 | D:12     | Killed an eight-headed hydra
 12859 | D:12     | Reached skill level 10 in Stealth
 13074 | D:12     | Reached XP level 12. HP: 81/81 MP: 23/23
 13101 | D:12     | Noticed Fannar
 13133 | D:12     | Found a staircase to the Orcish Mines.
 13628 | D:12     | Killed Fannar
 13749 | Orc:1    | Entered Level 1 of the Orcish Mines
 13874 | Orc:1    | Noticed a stone giant
 13979 | Orc:1    | Killed a stone giant
 14071 | Orc:1    | You fall into a shaft and drop 1 floor!
 14071 | Orc:2    | Entered Level 2 of the Orcish Mines
 14269 | Orc:2    | Found a gate leading to a gauntlet.
 14276 | Gauntlet | Entered a Gauntlet
 14276 | Gauntlet | Found a transporter.
 14276 | Gauntlet | Found a transporter.
 14278 | Gauntlet | Found a transporter.
 14282 | Gauntlet | Found a transporter.
 14282 | Gauntlet | Found a transporter.
 14302 | Gauntlet | Found a transporter.
 14312 | Gauntlet | Found a runed translucent gate.
 14314 | Gauntlet | Found a transporter.
 14315 | Gauntlet | Found a runed translucent gate.
 14316 | Gauntlet | Found a runed translucent gate.
 14318 | Gauntlet | Found a transporter.
 14330 | Gauntlet | Found a transporter.
 14345 | Gauntlet | Found a transporter.
 14348 | Gauntlet | Noticed an entropy weaver
 14378 | Gauntlet | Found a transporter.
 14382 | Gauntlet | Found a transporter.
 14525 | Gauntlet | Reached skill level 10 in Hexes
 14707 | Gauntlet | Reached skill level 11 in Stealth
 14717 | Gauntlet | Got a slimy platinum ring
 14722 | Gauntlet | Got a pair of spiked gloves
 14733 | Gauntlet | Identified the +0 pair of gloves "Niusmaph" {Dex+3} (You
                  | found it in a Gauntlet)
 14768 | Gauntlet | Identified the ring of Hard Scrabble {EV+3 Int+2} (You
                  | found it in a Gauntlet)
 14779 | Gauntlet | Learned a level 2 spell: Corpse Rot
 14785 | Gauntlet | Noticed a minotaur
 14792 | Gauntlet | Killed a minotaur
 14947 | Orc:2    | Found a staircase to the Elven Halls.
 15901 | Orc:2    | Noticed Saint Roka
 16071 | Orc:2    | Reached skill level 1 in Throwing
 16431 | Orc:2    | Reached skill level 1 in Fighting
 16431 | Orc:2    | Reached XP level 13. HP: 76/89 MP: 22/24
 16497 | Orc:2    | Found Pyleteapn's Antique Armour Shoppe.
 16545 | Orc:2    | Bought a glowing cloak for 195 gold pieces
 16593 | Orc:2    | Found Jadaam's Book Boutique.
 16593 | Orc:2    | Found Fok Meap's Gadget Shoppe.
 16595 | Orc:2    | Found Geigavem's Gadget Emporium.
 16597 | Orc:2    | Found Fini's Food Shop.
 16906 | Lair:1   | Entered Level 1 of the Lair of Beasts
 17254 | Lair:1   | You fall into a shaft and drop 1 floor!
 17310 | Lair:1   | Learned a level 5 spell: Borgnjor's Vile Clutch
 18323 | Lair:2   | Reached skill level 1 in Earth Magic
 19167 | Lair:3   | Reached skill level 12 in Stealth
 19343 | Lair:3   | Found a staircase to the Shoals.
 19444 | Lair:3   | Noticed Urug
 19451 | Lair:3   | Killed Urug
 19604 | Lair:3   | Noticed Nergalle
 19615 | Lair:3   | Killed Nergalle
 20774 | Lair:4   | Found a hole to the Spider Nest.
 21080 | Lair:4   | Reached XP level 14. HP: 92/102 MP: 14/26
 21621 | Lair:5   | Noticed Kirke
 21690 | Lair:5   | Noticed Nessos
 21709 | Lair:5   | Killed Nessos
 22065 | Lair:5   | Killed Kirke
 22242 | Lair:6   | Entered Level 6 of the Lair of Beasts
 22502 | Lair:5   | Learned a level 2 spell: Blink
 22789 | Lair:6   | Reached skill level 1 in Translocations
 23001 | Lair:6   | Found a staircase to the Slime Pits.
 23408 | Lair:6   | Reached skill level 5 in Necromancy
 24012 | Lair:6   | Reached skill level 13 in Stealth
 24983 | D:13     | Reached XP level 15. HP: 111/111 MP: 29/29
 25557 | D:13     | Found a gate to the Vaults.
 25845 | D:14     | Reached skill level 5 in Throwing
 25882 | D:14     | Found Kotef's Armour Shop.
 25950 | D:14     | Found a flagged portal.
 26009 | D:14     | Found a shimmering altar of Xom.
 26039 | Bailey   | Entered a bailey
 26263 | Bailey   | Reached skill level 10 in Shields
 26361 | Bailey   | Identified a scroll of acquirement
 26362 | Bailey   | Got a shimmering shield
 26373 | Bailey   | Identified the +4 shield "Lisacuuk" {Slay+5} (You acquired
                  | it in a bailey)
 26739 | D:15     | Entered Level 15 of the Dungeon
 26811 | D:15     | Reached skill level 5 in Fighting
 27099 | D:15     | Paralysed by an ogre mage for 6 turns
 27692 | D:15     | Found Weunu's Serpentskin Sales.
 28029 | D:15     | Found a staircase to the Depths.
 28288 | Shoals:1 | Entered Level 1 of the Shoals
 28313 | Shoals:1 | Reached skill level 5 in Earth Magic
 28986 | Shoals:1 | Reached skill level 14 in Stealth
 29281 | Shoals:2 | Noticed Roxanne
 29397 | Shoals:2 | Noticed Frances
 29488 | Shoals:3 | Reached XP level 16. HP: 98/122 MP: 27/31
 30690 | Shoals:2 | Killed Frances
 30785 | Shoals:3 | Noticed Polyphemus
 30928 | Shoals:3 | Noticed Ilsuiw
 30953 | Shoals:3 | Killed Ilsuiw
 31082 | Shoals:3 | Noticed Mara
 31297 | Shoals:3 | Noticed mopl's illusion
 31303 | Shoals:3 | Noticed mopl's illusion
 31394 | Shoals:3 | Killed Mara
 31668 | Shoals:3 | Killed Polyphemus
 31712 | Shoals:4 | Entered Level 4 of the Shoals
 31757 | Shoals:4 | Noticed a kraken
 31766 | Shoals:4 | Shot with a sling bullet by a faun

Levels and vault maps discovered:
D:1:      dpeg_arrival_water_temple_mockup, layout_basic, st_stairs_3,
          minmay_pentomino_w2
D:2:      layout_basic, nemelex_altar_shiori, makhleb_altar_promises_db,
          grunt_temple_overflow_open
D:3:      layout_basic, minmay_misc_feat_chi, nrook_mini_backslash, uniq_terence
D:4:      layout_loops_cross, uniq_ijyb, uniq_pikel, uniq_sigmund,
          uniq_crazy_yiuf_cottage, uniq_edmund
D:5:      old_forge, layout_basic, fedhas_ov_isle_minmay, temple_fountains,
          serial_bayou, serial_bayou_pond_d, serial_bayou_crossing,
          serial_bayou_lagoon_a, serial_bayou_shore_a, first_ration,
          uniq_grinder, uniq_blork_the_orc
D:6:      layout_loops_cross, dancing_weapons_uskayaw, serial_glass,
          glass_columns_b, glass_columns_a, dk_yredelemnul_ordeal,
          uniq_eustachio
D:7:      layout_rooms, serial_shops, shop, the_bakery
D:8:      layout_loops_ring, lair_entry_dummy, grunt_ministairs_14
D:9:      layout_rooms, zin_treasury, minitemple, serial_shops,
          nicolae_shop_stone
D:10:     layout_small_grid, basic_altar, minmay_joined_circles, uniq_josephine
D:11:     layout_long_grid, kennysheep_generic_room_7
D:12:     layout_loops_ring, orc_0_dummy, uniq_fannar
D:13:     minmay_clustersquares, layout_irregular_city, david_vaults_5
D:14:     layout_basic, serial_shops, shop, enter_bailey_8, xom_teletrap_fun
D:15:     gammafunk_enter_depths_forms, layout_basic, bh_walls_and_bars,
          serial_bayou_ford_a, interstate_on_off, guppyfry_shop_venom
Lair:1:   layout_regular_city, beast_lair_carwin_9, grunt_megastairs_3
Lair:2:   lemuel_reptile_caves, layout_small_grid
Lair:3:   layout_regular_city, minmay_shoals_entry_lonely_mermaid,
          lemuel_fruit_fields, uniq_urug, uniq_nergalle
Lair:4:   layout_regular_city, nicolae_spider_entry_tight_spaces,
          chequers_serial_rivers_large_a, chequers_serial_rivers_room_a,
          beast_lair_carwin_3, lemuel_fruit_tree, serial_bayou_shore_b,
          infiniplex_staircase_pool
Lair:5:   layout_gridlike, nicolae_lair_grove_arrangements, uniq_kirke,
          uniq_nessos
Lair:6:   evilmike_catoblepas_cave, layout_regular_city,
          dpeg_slime_entry_corner, worms_lemuel
Shoals:1: layout_shoals
Shoals:2: layout_shoals, uniq_frances, uniq_roxanne
Shoals:3: layout_shoals, yaktaur_hedge, uniq_ilsuiw, uniq_polyphemus, uniq_mara
Shoals:4: shoals_end_grunt_garden, layout_shoals, nicolae_shoals_mertower
Orc:1:    layout_caves
Orc:2:    st_orc_rangers, layout_caves, serial_shops,
          nicolae_shop_overgrown_old_shop, gauntlet_entry_generic,
          uniq_saint_roka

Skill      XL: |  1  2  3  4  5  6  7  8  9 10 11 12 13 14 15 16 |
---------------+-------------------------------------------------+-----
Spellcasting   | 2 3 4 5 6 7 |  7.9
Stealth        | 3 4 5 7 8 10 11 12 13 14 | 14.8
Hexes          | 3 4 5 6 7 9 10 11 12 13 | 13.7
Ice Magic      | 1 2 3 4 |  4.1
Evocations     | 1 2 3 4 5 |  5.0
Shields        | 2 3 4 6 7 8 9 10 | 10.8
Conjurations   | 2 3 |  3.0
Charms         | 1 2 3 |  3.0
Necromancy     | 1 2 4 5 |  5.6
Short Blades   | 1 4 6 7 8 9 |  9.9
Throwing       | 1 3 4 6 |  6.8
Fighting       | 1 3 4 5 6 |  6.7
Earth Magic    | 2 4 5 |  5.6
Translocations | 3 |  3.0
Dodging        | |  1.7

Action                   |  1- 3 |  4- 6 |  7- 9 | 10-12 | 13-15 | 16-18 || total
-------------------------+-------+-------+-------+-------+-------+-------++-------
Melee: Spear             |   157 |   101 |   532 |    16 |       |       ||   806
       Dagger            |       |     9 |    62 |   762 |  1564 |   236 ||  2633
       Rapier            |       |       |       |       |    24 |    60 ||    84
Throw: Dart              |       |    11 |    23 |     5 |    30 |       ||    69
       Boomerang         |       |       |       |       |     4 |     8 ||    12
       Javelin           |       |       |       |       |       |     6 ||     6
 Cast: Confuse           |       |    20 |    27 |   102 |    59 |    22 ||   230
       Tukima's Dance    |       |       |     4 |    18 |     3 |       ||    25
       Ensorcelled Hiber |       |       |    21 |   197 |   418 |    78 ||   714
       Regeneration      |       |       |     8 |    75 |   113 |    54 ||   250
       Dazzling Spray    |       |       |     1 |     7 |    68 |    33 ||   109
       Corona            |       |       |       |       |     8 |     7 ||    15
       Blink             |       |       |       |       |     8 |    11 ||    19
       Borgnjor's Vile C |       |       |       |       |       |    14 ||    14
 Abil: Evoke Berserk Rag |       |     1 |     1 |       |       |       ||     2
Evoke: Wand              |       |       |       |    24 |       |    11 ||    35
  Use: Scroll            |     1 |       |     7 |     8 |    10 |     6 ||    32
       Potion            |       |     1 |       |     2 |     1 |    14 ||    18
 Stab: Sleeping          |     8 |     5 |    28 |   116 |   303 |    41 ||   501
       Confused          |       |     7 |    24 |    55 |    45 |    13 ||   144
       Distracted        |       |       |     1 |       |     2 |       ||     3
       Held in net/web   |       |       |     1 |       |       |       ||     1
       Invisible         |       |       |       |     4 |    12 |    17 ||    33
       Petrified         |       |       |       |       |     6 |       ||     6
       Petrifying        |       |       |       |       |     1 |       ||     1
  Eat: Chunk             |     4 |     9 |    21 |    23 |    46 |    10 ||   113
       Ration            |       |       |       |     1 |     1 |     1 ||     3
Armor: Robe              |    15 |    12 |   140 |   205 |   288 |    84 ||   744
       Skin              |       |       |       |    41 |       |       ||    41
Dodge: Dodged            |    87 |    39 |   281 |   395 |   538 |   212 ||  1552
Block: Shield            |       |       |       |   130 |   762 |   277 ||  1169
